 Dungeon Crawl Stone Soup version 0.28.0 (webtiles) character file.

Game seed: 5258087615801462362

266 thepacket the Firebug (level 6, -2/44 HPs)
             Began as a Demonspawn Fire Elementalist on Feb 15, 2022.
             Succumbed to a scorpion's poison
             ... on level 4 of the Dungeon.
             The game lasted 00:09:09 (4200 turns).

thepacket the Firebug (DsFE)                        Turns: 4200, Time: 00:09:10

Health: -2/44      AC:  4    Str:  8    XL:     6   Next: 0%
Magic:  1/9        EV: 12    Int: 18    God:
Gold:   119        SH:  0    Dex: 14    Spells: 3/9 levels left

rFire   . . .      SeeInvis .   c - +0 dagger (drain)
rCold   . . .      Faith    .   (no shield)
rNeg    . . .      Spirit   .   a - +0 robe
rPois   .          Reflect  .   (helmet restricted)
rElec   .          Harm     .   (no cloak)
rCorr   .          Rampage  .   (no gloves)
Will    .....                   (no boots)
Stlth   ++........              (no amulet)
HPRegen 0.14/turn               (no ring)
MPRegen 0.11/turn               (no ring)

@: lethally poisoned (-2 -> -13)
A: horns 1, icy blue scales 1
a: no special abilities


You were on level 4 of the Dungeon.
You visited 1 branch of the dungeon, and saw 4 of its levels.

You collected 119 gold pieces.


Innate Abilities, Weirdness & Mutations

You have a pair of small horns on your head.
You are partially covered in icy blue scales. (AC +2)


   Skills:
 + Level 2.3 Fighting
 - Level 1.7 Dodging
 - Level 1.7 Stealth
 - Level 2.0 Spellcasting
 * Level 3.8 Conjurations
 * Level 4.4 Fire Magic


You had 3 spell levels left.
You knew the following spells:

 Your Spells              Type           Power      Damage    Failure   Level
a - Foxfire               Conj/Fire      64%        2x1d7     3%          1
b - Scorch                Fire           34%        2d6       4%          2
e - Conjure Flame         Conj/Fire      16%        6-21      10%         3

Your spell library contained the following spells:

 Spells                   Type           Power      Damage    Failure   Level
 Inner Flame              Hex/Fire       9%         N/A       22%         3
 Flame Wave               Conj/Fire      16%        2d6       32%         4

Inventory:

Hand Weapons
 c - a +0 dagger of draining (weapon)
Armour
 a - a +0 robe (worn)
Scrolls
 b - a scroll of vulnerability
 e - a scroll of brand weapon
 f - a scroll of fear
 g - a scroll of teleportation {@r2}
 i - a scroll of magic mapping
 j - a scroll of silence {unknown}
 k - a scroll of holy word {unknown}
 m - a scroll of immolation {unknown}
 o - a scroll of enchant weapon {unknown}
Potions
 d - a potion of haste {@q3}
 h - a potion of brilliance
 n - a potion of resistance

Dungeon Overview and Level Annotations

Branches:
Dungeon (4/15)
 Temple: D:4-7

Altars:

Shops:
D:2 =

Annotations:
D:4 Pikel, Robin

#..........
#..........
#..........
######...(......
###.()....####...#
#..(####### ###..
#.### ### #.# #@#
##.# #.†###
##....####
#...#....#
#...÷###.....
#.#...#######
...##.......# #...
#.#####.###


There were no monsters in sight!


Message History

The scorpion stings you.
You hit the scorpion but do no damage. Your headbutt misses the scorpion.
The scorpion is almost dead.
The scorpion stings you!
* * * LOW HITPOINT WARNING * * *
You are poisoned.
The scorpion poisons you!
You hit the scorpion but do no damage. You drain the scorpion.
Your punch misses the scorpion.
The scorpion is almost dead.
* * * LOW HITPOINT WARNING * * *
You feel very sick. The scorpion stings you.
* * * LOW HITPOINT WARNING * * *
The scorpion stings you.
* * * LOW HITPOINT WARNING * * *
You are more poisoned.
The scorpion poisons you!
Your magical contamination has completely faded away.
Okay, then.
* * * LOW HITPOINT WARNING * * *
You feel very sick.
You hit the scorpion.
You kill the scorpion!
* * * LOW HITPOINT WARNING * * *
You feel very sick.
You have reached level 6!
Your demonic ancestry asserts itself...
Icy blue scales grow over part of your body.
You die...

Skill      XL: |  1  2  3  4  5 |
---------------+----------------+-----
Fire Magic     | 3 4 |  4.4
Fighting       | 1 2 |  2.3
Conjurations   | 2 3 |  3.8
Dodging        | |  1.7
Stealth        | |  1.7
Spellcasting   | |  2.0

Action                   |  1- 3 |  4- 6 || total
-------------------------+-------+-------++-------
Melee: Dagger            |    25 |    10 ||    35
       Headbutt          |     4 |     1 ||     5
 Cast: Foxfire           |    66 |    34 ||   100
       Scorch            |       |    17 ||    17
  Use: Scroll            |     6 |     2 ||     8
Armor: Robe              |     8 |     4 ||    12
Dodge: Dodged            |    33 |    13 ||    46

Levels and vault maps discovered:
D:1:      minmay_arrival_semitransparent, layout_basic,
          hellmonk_ecumenical_altar_slurped_away, minmay_misc_feat_ornament
D:2:      layout_loops_ring, serial_shops, nicolae_square_shop,
          grunt_decor_clamped, chequers_big_river, minmay_puff
D:3:      layout_rooms
D:4:      layout_rooms, minmay_temple_entry_mini_moons,
          chequers_serial_rivers_room_a, hangedman_glass_teeth,
          kennysheep_doodads, uniq_grinder, uniq_pikel, uniq_robin

Notes
Turn   | Place    | Note
-------+----------+-------------------------------------------
     0 | D:1      | thepacket the Demonspawn Fire Elementalist began the quest
                  | for the Orb.
     0 | D:1      | Reached XP level 1. HP: 13/13 MP: 3/3
    62 | D:1      | Found a faded altar of an unknown god.
   358 | D:1      | Gained mutation: You have a pair of small horns on your
                  | head. [demonic ancestry]
   358 | D:1      | Reached XP level 2. HP: 20/20 MP: 1/5
   626 | D:1      | Reached skill level 3 in Fire Magic
  1372 | D:2      | Reached skill level 1 in Fighting
  1372 | D:2      | Reached skill level 2 in Conjurations
  1550 | D:2      | Reached XP level 3. HP: 26/26 MP: 3/6
  1678 | D:2      | Found Ryngeer's Jewellery Boutique.
  2696 | D:3      | Reached XP level 4. HP: 32/32 MP: 0/7
  2727 | D:3      | Learned a level 2 spell: Scorch
  2731 | D:3      | Learned a level 3 spell: Conjure Flame
  3182 | D:3      | Reached skill level 3 in Conjurations
  3307 | D:3      | Identified a potion of resistance
  3316 | D:4      | Noticed Robin
  3322 | D:3      | Reached XP level 5. HP: 29/38 MP: 0/8
  3482 | D:4      | Noticed a lemure
  3484 | D:4      | Noticed Pikel
  3484 | D:4      | Noticed a lemure
  3486 | D:4      | Noticed a lemure
  3492 | D:4      | Noticed a lemure
  3507 | D:3      | Killed a lemure
  3634 | D:4      | Reached skill level 4 in Fire Magic
  3710 | D:4      | Reached skill level 2 in Fighting
  4199 | D:4      | HP: 1/38 [poisoned by a scorpion]
  4200 | D:4      | Gained mutation: You are partially covered in icy blue
                  | scales. (AC +2) [demonic ancestry]
  4200 | D:4      | Reached XP level 6. HP: 1/44 MP: 0/9
  4200 | D:4      | Succumbed to a scorpion's poison

Vanquished Creatures
  A lemure (D:3)
  A scorpion (D:4)
  A hound (D:4)
  An orc priest (D:3)
  An orc wizard (D:3)
  3 gnolls
  3 adders
  A worm (D:4)
  2 orcs (D:3)
  6 endoplasms
  3 giant cockroaches
  10 goblins
  5 hobgoblins
  5 jackals (D:2)
  6 quokkas
  5 ball pythons
  3 bats
  A frilled lizard (D:2)
  2 kobolds
  2 rats
62 creatures vanquished.

Vanquished Creatures (others)
  157 foxfires
  3 plants (D:2)
160 creatures vanquished.

Grand Total: 222 creatures vanquished

Table legend: (Time is in decaauts)
 A = Elapsed time spent in this place.
 B = Non-inter-level travel time spent in this place.
 C = Inter-level travel time spent in this place.
 D = Time resting spent in this place.
 E = Time spent auto-exploring this place.
 F = Levels seen in this place.
 G = Mean time per level.
                   A        B        C        D        E       F      G
               +--------+--------+--------+--------+--------+-----+--------+
         Total |   4215 |   4015 |    200 |   1062 |   2161 |   4 | 1053.8 |
       Dungeon |   4215 |   4015 |    200 |   1062 |   2161 |   4 | 1053.8 |
               +--------+--------+--------+--------+--------+-----+--------+

Top non-repeatable levels by time:
     D:2: 1581 daAuts
     D:3: 1324 daAuts
     D:1: 977 daAuts
     D:4: 331 daAuts

Table legend:
 A = Non-vault XP
 B = Vault XP
 C = Vault XP percentage of total XP
 D = Non-vault monster count
 E = Vault monster count
 F = Vault count percentage of total count
                 A         B        C        D         E       F
            +---------+---------+-------+---------+---------+-------
      Total |     355 |      25 |   6.6 |      47 |      14 |  23.0
            +---------+---------+-------+---------+---------+-------
        D:1 |      17 |       2 |  10.5 |      11 |       1 |   8.3
        D:2 |      55 |       8 |  12.7 |      17 |       5 |  22.7
        D:3 |     121 |       2 |   1.6 |      13 |       1 |   7.1
        D:4 |     162 |      13 |   7.4 |       6 |       7 |  53.8
            +---------+---------+-------+---------+---------+-------
